Map: Ley Lines

Players

kapterhan - Winner!

  • Race: Terran Terran
  • League: Grandmaster
  • Spawn Location: 1:00

Apostle

  • Race: Protoss Protoss
  • League: Master
  • Spawn Location: 7:00

VOD

Have the link to the VOD?

Description

Time

  • Played on: Feb. 16, 2025, 8:43 a.m.
  • Length: 6:29
Show
View Real Time Build Order
Export as new Build Order

kapterhan Terran - Winner!

Build Orders: 1/1/1 

Get SALT Encoding   

  12  0:00  SCV  
  13  0:12  SCV  
  14  0:16  Supply Depot  
  14  0:24  SCV  
  15  0:38  SCV  
  15  0:39  Barracks  
  16  0:43  Refinery  
  16  0:50  SCV  
  16  0:53  Refinery  
  17  1:02  SCV  
  18  1:14  SCV  
  19  1:26  Reaper, Orbital Command  
  19  1:27  Supply Depot  
  20  1:40  Factory  
  20  1:52  SCV  
  21  1:58  Barracks Reactor  
  21  2:04  SCV  
  22  2:14  Command Center  
  22  2:18  SCV  
  23  2:28  Starport  
  23  2:30  SCV  
  23  2:34  Hellion  
  26  2:38  Marine  
  26  2:39  Marine  
  29  2:45  Supply Depot  
  29  2:47  SCV  
  29  2:55  Widow Mine  
  31  3:07  Medivac, SCV  
  31  3:11  Marine x2  
  36  3:18  Factory Tech Lab  
  36  3:19  SCV  
  37  3:29  Marine x2  
  37  3:31  SCV  
  40  3:35  Barracks  
  40  3:36  Siege Tank  
  40  3:39  Starport Tech Lab  
  43  3:47  Orbital Command  
  43  3:51  SCV  
  44  3:59  Marine, Raven  
  44  4:01  Marine  
  48  4:03  SCV  
  48  4:04  Supply Depot  
  49  4:15  SCV  
  50  4:19  Marine, Siege Tank  
  54  4:25  Marine  
  55  4:34  SCV  
  55  4:37  Marine  
  54  4:43  Marine  
  54  4:44  SCV  
  51  4:46  SCV  
  51  4:50  Marine  
  48  4:56  SCV  
  48  4:58  Marine, SCV  
  51  5:01  Marine  
  51  5:02  Barracks  
  52  5:07  Engineering Bay, Refinery  
  52  5:08  SCV  
  52  5:09  Supply Depot, Marauder  
  52  5:11  SCV  
  56  5:16  Marine  
  56  5:20  Factory Reactor, Starport Reactor, SCV  
  58  5:23  SCV  
  58  5:26  Marine  
  60  5:31  Marauder  
  60  5:32  SCV  
  60  5:34  Marine  
  60  5:35  SCV  
  65  5:41  Supply Depot  
  65  5:44  Marine, SCV  
  67  5:50  Marauder  
  67  5:51  Marine  
  70  6:02  Bunker, Marine, SCV x2  
  70  6:03  Marauder  
  68  6:14  SCV x2  
  77  6:18  Supply Depot  
Show
View Real Time Build Order
Export as new Build Order

Apostle Protoss 

Build Orders: 1 Gate Expand, Blink Stalkers 

Get SALT Encoding   

  12  0:01  Probe  
  13  0:13  Probe  
  14  0:17  Pylon  
  14  0:24  Probe  
  15  0:32  Probe  
  15  0:38  Gateway  
  15  0:40  Probe  
  16  0:47  Assimilator  
  17  0:51  Probe  
  18  1:03  Probe  
  19  1:15  Probe  
  20  1:24  Nexus  
  20  1:31  Cybernetics Core  
  20  1:35  Probe  
  21  1:41  Assimilator  
  21  1:47  Probe  
  21  1:49  Pylon  
  22  1:55  Stalker  
  22  1:58  Warp Gate  
  22  2:00  Probe  
  25  2:12  Probe  
  26  2:25  Twilight Council  
  26  2:28  Stalker  
  27  2:30  Probe  
  27  2:35  Blink  
  29  2:38  Probe  
  29  2:43  Probe  
  31  2:46  Shield Battery  
  31  2:52  Probe  
  31  2:55  Probe  
  33  3:05  Probe  
  34  3:06  Gateway  
  34  3:07  Probe  
  34  3:10  Pylon  
  35  3:17  Probe  
  36  3:21  Probe  
  36  3:25  Gateway  
  37  3:29  Probe  
  38  3:35  Probe  
  38  3:38  Robotics Facility  
  39  3:41  Probe  
  39  3:46  Sentry  
  39  3:47  Probe  
  43  3:53  Pylon, Probe  
  44  4:01  Probe  
  45  4:04  Nexus  
  45  4:09  Stalker  
  47  4:13  Stalker  
  47  4:15  Probe x2  
  51  4:24  Stalker  
  47  4:56  Probe x2  
  47  4:58  Gateway  
  49  5:01  Gateway  
  49  5:02  Stalker x3  
  55  5:08  Probe x2  
  57  5:19  Probe  
  57  5:20  Probe x2  
  60  5:22  Pylon  
  60  5:31  Stalker x3, Probe  
  60  5:32  Pylon, Probe  
  68  5:35  Probe  
  69  5:43  Probe  
  69  5:44  Probe  
  69  5:49  Shield Battery  
  71  5:54  Forge  
  71  5:57  Assimilator  
  71  6:01  Assimilator  
Tags
 
Add a new tag
Caveats
  • Supply blocks, unpowered buildings, or Contaminate may cause inaccurate times.
  • Supply counts are checked every 10 seconds.